 Dungeon Crawl Stone Soup version 0.28-a0-1518-gbe868bca14 (webtiles) character file.

Game seed: 14764817490972496561

60 ytrimaz the Insei (level 4, -1/29 HPs)
             Began as an Octopode Transmuter on Jan 17, 2022.
             Slain by a gnoll (9 damage)
             ... on level 2 of the Dungeon.
             The game lasted 00:02:11 (1763 turns).

ytrimaz the Insei (Octopode Transmuter)             Turns: 1763, Time: 00:02:11

Health: -1/29      AC:  1    Str:  9    XL:     4   Next: 6%
Magic:  3/7        EV: 13    Int: 17    God:
Gold:   45         SH:  0    Dex: 12    Spells: 2/8 levels left

rFire   . . .      SeeInvis .     - Unarmed
rCold   . . .      Faith    +   (no shield)
rNeg    . . .      Spirit   .   (helmet restricted)
rPois   .          Reflect  .   c - amulet of faith
rElec   .          Harm     .   (no ring)
rCorr   .          Rampage  .   (no ring)
Will    .....                   (no ring)
Stlth   ++........              (no ring)
HPRegen 0.09/turn               (no ring)
MPRegen 0.10/turn               (no ring)
                                (no ring)
                                (no ring)

@: no status effects
A: almost no armour, amphibious, 8 rings, camouflage 1, gelatinous body 1,
(nimble swimmer 1), tentacles
a: no special abilities


You were on level 2 of the Dungeon.
You visited 1 branch of the dungeon, and saw 2 of its levels.

You collected 45 gold pieces.

Inventory:

Jewellery
 c - an amulet of faith (around mantle)
Scrolls
 b - a scroll of blinking
Potions
 a - a potion of brilliance {unknown}


   Skills:
 * Level 1.6 Fighting
 - Level 2.0 Dodging
 + Level 3.6 Unarmed Combat
 * Level 2.6 Spellcasting
 * Level 2.6 Transmutations


You had 2 spell levels left.
You knew the following spells:

 Your Spells              Type           Power      Damage    Failure   Level
a - Beastly Appendage     Tmut           22%        N/A       6%          1
b - Wereblood             Tmut           11%        N/A       10%         2
c - Spider Form           Tmut/Pois      6%         N/A       32%         3

Your spell library contained the following spells:

 Spells                   Type           Power      Damage    Failure   Level
 Passwall                 Tmut/Erth      5%         N/A       16%         2
 Animate Skeleton         Necr           4%         N/A       19%         1
 Apportation              Tloc           4%         N/A       19%         1
 Sandblast                Erth           4%         2d4       19%         1
 Summon Small Mammal      Summ           8%         N/A       19%         1
 Stone Arrow              Conj/Erth      4%         3d7       50%         3
 Ice Form                 Ice/Tmut       6%         N/A       71%         4


Dungeon Overview and Level Annotations

Branches:
Dungeon (2/15)

Altars:


Innate Abilities, Weirdness & Mutations

You cannot wear most types of armour.
You are amphibious.
You can wear up to eight rings at the same time.
Your skin changes colour to match your surroundings (Stealth+).
Your rubbery body absorbs attacks. (AC +1, EV +1)
((You are camouflaged when in or above water. (Stealth+)))
You have tentacles for arms and can constrict up to eight enemies at once.


Message History

The gnoll is heavily wounded.
Your transformation is almost over.
The gnoll closely misses you.
Unknown command.
You hit the gnoll.
The gnoll is almost dead.
The gnoll hits you but does no damage.
You hit the gnoll but do no damage.
The gnoll is almost dead.
You feel a bit better.
You kill the gnoll!
Unknown command.
You hit the gnoll.
The gnoll is poisoned.
The gnoll is almost dead.
The gnoll misses you.
You hit the gnoll.
You feel a bit better.
You kill the gnoll!
The gnoll hits you from afar with a +0 spear!
Unknown command.
The gnoll closely misses you. The gnoll misses you.
Things that are here:
a +0 whip; a +0 club; a gnoll corpse You hit the gnoll.
The gnoll is poisoned.
The gnoll is moderately wounded.
The gnoll closely misses you.
The gnoll hits you from afar with a +0 spear!
You hit the gnoll.
The gnoll looks as sick as possible!
The gnoll is almost dead.
You feel a bit better.
You kill the gnoll!
The gnoll hits you from afar with a +0 spear.
* * * LOW HITPOINT WARNING * * *
You have reached level 4!
Your transformation has ended.
Your primal bloodlust is almost over.
A frilled lizard comes into view.
The frilled lizard hisses angrily.
Your primal bloodlust has ended.
Found a stone staircase leading up.
The gnoll hits you from afar with a +0 spear!
You die...

#.# . #.# . #.# .. ######' ###
#.# .$ ...........# ####.# .. ##
#........##.### #....# g. g....
........... +..... #. .#.#
.......#.####### ##....# .. ...
.........@...l............
#g#.#.........#.#.######.....##.#
#g<...# ####)#.#g# g.. #.#
#.......# #)#<#.# g. #..
#.......#.###.###.###### . #..
#.....#.#................ #..
#.#...# #.###.###.####### #.. #.
...# #.# #... #.. ## ...#
#.###################


You could see a gnoll and a frilled lizard.

Vanquished Creatures
  3 gnolls (D:2)
  4 bats (D:1)
  An endoplasm (D:2)
  2 giant cockroaches
  3 hobgoblins (D:1)
  7 jackals
  3 kobolds
  A quokka (D:1)
  A ball python (D:2)
  A frilled lizard (D:1)
  A rat (D:1)
27 creatures vanquished.

Notes
Turn   | Place    | Note
-------+----------+-------------------------------------------
     0 | D:1      | ytrimaz the Octopode Transmuter began the quest for the
                  | Orb.
     0 | D:1      | Reached XP level 1. HP: 13/13 MP: 3/3
   425 | D:1      | Reached XP level 2. HP: 15/18 MP: 3/5
   528 | D:1      | Learned a level 2 spell: Wereblood
   623 | D:1      | Found a faded altar of an unknown god.
  1436 | D:2      | Reached XP level 3. HP: 18/23 MP: 6/6
  1443 | D:2      | Learned a level 3 spell: Spider Form
  1754 | D:2      | Reached XP level 4. HP: 7/29 MP: 2/7
  1763 | D:2      | Slain by a gnoll

Illustrated notes

Levels and vault maps discovered:
D:1:      matt_arrival_los_fun, layout_basic, shapermc_ecumenical_altar_gd,
          due_unseen_surprise
D:2:      layout_basic

Action                   |  1- 3 |  4- 6 || total
-------------------------+-------+-------++-------
Melee: Unarmed           |    72 |       ||    72
       Constrict         |    17 |       ||    17
       Tentacles         |    11 |       ||    11
       Kick              |     4 |       ||     4
       Punch             |     3 |       ||     3
 Cast: Beastly Appendage |     9 |       ||     9
       Spider Form       |     1 |       ||     1
       Wereblood         |     1 |       ||     1
  Use: Scroll            |     3 |       ||     3
 Stab: Sleeping          |     4 |       ||     4
Armor: Skin              |     8 |       ||     8
Dodge: Dodged            |    70 |       ||    70

Table legend: (Time is in decaauts)
 A = Elapsed time spent in this place.
 B = Non-inter-level travel time spent in this place.
 C = Inter-level travel time spent in this place.
 D = Time resting spent in this place.
 E = Time spent auto-exploring this place.
 F = Levels seen in this place.
 G = Mean time per level.
                   A        B        C        D        E       F      G
               +--------+--------+--------+--------+--------+-----+--------+
         Total |   1758 |   1658 |    100 |      2 |   1383 |   2 |  879.0 |
       Dungeon |   1758 |   1658 |    100 |      2 |   1383 |   2 |  879.0 |
               +--------+--------+--------+--------+--------+-----+--------+

Top non-repeatable levels by time:
     D:1: 1332 daAuts
     D:2: 426 daAuts
